 Dungeon Crawl Stone Soup version 0.31.0-11-ge490571c62 (webtiles) character file.

Game seed: 12692478269549246091

156 qw the Skirmisher (level 5, 0/29 HPs)
             Began as a Deep Elf Hunter on Feb 4, 2024.
             Slain by an orc wizard
             ... wielding a +1 dagger of venom
              (3 damage)
             ... on level 3 of the Dungeon.
             The game lasted 00:00:40 (1919 turns).

qw the Skirmisher (Deep Elf Hunter)                 Turns: 1919, Time: 00:00:40

Health: 0/29       AC:  5    Str: 10    XL:     5   Next: 15%
Magic:  7/7        EV: 11    Int: 14    God:
Gold:   135        SH:  0    Dex: 18    Spells: 4/4 levels left

rFire   . . .        a - +0 shortbow (freeze)
rCold   . . .        (shield currently unavailable)
rNeg    . . .        g - +0 ring mail
rPois   .            (no helmet)
rElec   .            (no cloak)
rCorr   .            (no gloves)
SInv    .            (no boots)
Will    .....        (no amulet)
Stlth   +            (no ring)
HPRegen 0.24/turn    (no ring)
MPRegen 0.10/turn

%: no passive effects
@: lethally poisoned (0 -> -9)
A: no striking features
a: no special abilities


You were on level 3 of the Dungeon.
You visited 1 branch of the dungeon, and saw 3 of its levels.

You collected 135 gold pieces.


   Skills:
 - Level 1.5 Fighting
 + Level 8.6 Ranged Weapons
 - Level 2.4 Dodging
 - Level 1.2 Stealth


You had 4 spell levels left.
You didn't know any spells.
Your spell library was empty.

Inventory:

Hand Weapons
 a - a +0 shortbow of freezing (weapon)
Armour
 g - a +0 ring mail (worn)
Jewellery
 d - an amulet of the acrobat
Scrolls
 f - a scroll of teleportation
Potions
 b - a potion of enlightenment
 c - a potion of degeneration {unknown}
 h - a potion of heal wounds {unknown}
 j - a potion of haste {unknown}
 k - a potion of might {unknown}

Dungeon Overview and Level Annotations

Branches:
Dungeon (3/15)

Altars:


Message History

An orc wizard comes into view. It is wielding a +0 dagger.
You shoot an arrow.
The arrow barely misses the ball python.
The orc shouts!
The orc wizard shouts!
The arrow hits the orc wizard.
The arrow freezes the orc wizard.
The orc wizard is heavily wounded.
A goblin comes into view. It is wielding a +0 club.
An orc comes into view. It is wielding a +0 club.
The ball python bites you but does no damage.
The ball python grabs you. The ball python constricts you.
You shoot an arrow. The arrow hits the ball python.
The ball python seems to slow down.
The arrow freezes the ball python.
You kill the ball python!
An orc comes into view. It is wielding a +0 hand axe.
A giant cockroach comes into view.
You shoot an arrow. The arrow hits the giant cockroach!
The arrow freezes the giant cockroach.
You kill the giant cockroach!
Something hits you.
You are poisoned.
A goblin comes into view. It is wielding a +0 dagger.
You shoot an arrow. The arrow hits the orc!
The arrow freezes the orc.
You kill the orc!
You feel very sick.
The goblin unwields a +0 club.
The goblin wields a +0 sling.
The goblin shoots a sling bullet.
The sling bullet hits you. Something hits you.
You are more poisoned.
1916 ||| FLEEEEING.
You feel very sick. Something hits you but does no damage.
The goblin shoots a sling bullet.
The sling bullet hits you.
1917 ||| FLEEEEING.
You feel very sick.
You shoot an arrow.
You feel sick. Something hits you but does no damage.
You are more poisoned.
You shoot an arrow.
You feel very sick. Something hits you.
You die...

##.#####.# #.#.#.##..#.#.#
#..##...#####.........#.#.#
##.##.........#.#.##(##.#.#
#.....#########.#)........#
#...###.# #.######..###
#...## #.# ####.# #..#
...## #.# #....# #..# %#
#.######.#########..#
#....{@.............#
#.##.#############.##
#.##.# #########.# #.#
#.........# #.# #.#########
.). ### #g#


ooo ... There were no monsters in sight!

Vanquished Creatures
  An orc wizard (D:3)
  4 adders (D:2)
  3 dart slugs (D:1)
  3 orcs (D:3)
  7 bats
  10 endoplasms
  4 giant cockroaches
  5 goblins
  9 hobgoblins
  9 jackals
  5 kobolds
  3 quokkas (D:1)
  2 ball pythons
  5 frilled lizards
  6 rats
76 creatures vanquished.

Notes
Turn   | Place    | Note
-------+----------+-------------------------------------------
     0 | D:1      | qw the Deep Elf Hunter began the quest for the Orb.
     0 | D:1      | Reached XP level 1. HP: 12/12 MP: 3/3
     0 | D:1      | 0 ||| qw: Version: 0.3-a-160-g6735b56
     0 | D:1      | 0 ||| qw: Game counter: 6075
     0 | D:1      | 0 ||| qw: Melee chars always use a shield: true
     0 | D:1      | 0 ||| qw: God list: Okawaru
     0 | D:1      | 0 ||| qw: Allow faded altars: false
     0 | D:1      | 0 ||| qw: Do Orc after clearing Dungeon:15 true
     0 | D:1      | 0 ||| qw: Do second Lair branch before Depths: true
     0 | D:1      | 0 ||| qw: Lair rune preference: random
     0 | D:1      | 0 ||| qw: Goals: Normal
     0 | D:1      | 0 ||| PLANNING D:1-11
    82 | D:1      | Reached skill level 6 in Ranged Weapons
    82 | D:1      | Reached XP level 2. HP: 16/16 MP: 4/4
   239 | D:1      | Reached XP level 3. HP: 20/20 MP: 5/5
   385 | D:1      | Reached skill level 7 in Ranged Weapons
   539 | D:1      | 539 ||| UPGRADING to +0 ring mail.
   549 | D:1      | 549 ||| DROPPING +0 leather armour.
   550 | D:1      | 550 ||| READING scroll labelled TUQIONW VIFF.
   550 | D:1      | 550 ||| BRANDING +0 shortbow.
   551 | D:1      | 551 ||| READING 2 scrolls labelled SUACUE WEBO.
   554 | D:1      | 554 ||| DROPPING scroll of butterflies.
   674 | D:2      | Reached XP level 4. HP: 21/25 MP: 6/6
   749 | D:2      | Identified the +3 hand axe of Frustration {pain, rC+ Int+3}
  1029 | D:2      | Reached skill level 8 in Ranged Weapons
  1523 | D:2      | 1523 ||| READING scroll labelled UMEIWK ICZAA.
  1523 | D:2      | 1523 ||| IDENTIFYING fuming orange potion
  1524 | D:2      | 1524 ||| READING 2 scrolls labelled JORREST LUYDGH.
  1525 | D:2      | 1525 ||| READING scroll labelled AVOMAGEAWU.
  1526 | D:2      | 1526 ||| DRINKING 2 smoky inky potions.
  1527 | D:2      | 1527 ||| DROPPING scroll of fog.
  1814 | D:3      | Reached XP level 5. HP: 22/29 MP: 7/7
  1908 | D:3      | 1908 ||| DRINKING potion of curing.
  1908 | D:3      | 1908 ||| (to cure confusion)
  1916 | D:3      | 1916 ||| FLEEEEING.
  1917 | D:3      | 1917 ||| FLEEEEING.
  1917 | D:3      | HP: 7/29 [poisoned by an orc wizard]
  1919 | D:3      | HP: 3/29 [poisoned by an orc wizard]
  1919 | D:3      | Slain by an orc wizard

Levels and vault maps discovered:
D:1:      shiori_arrival_oz, layout_basic, amcnicky_mini_corridor_feature
D:2:      layout_basic, serial_rivers, chequers_serial_rivers_micro_a,
          chequers_serial_rivers_small_b, chequers_serial_rivers_small_3,
          chequers_serial_rivers_small_3, chequers_serial_rivers_marsh,
          chequers_serial_rivers_micro_d, hangedman_decor_clover_reticule,
          minmay_tree_intersection
D:3:      minmay_skewed_foursquare, layout_loops_ring,
          mainiacjoe_overflow_alcove_2, nrook_uturn, kennysheep_generic_room_5,
          uniq_robin

Skill      XL: |  1  2  3  4 |
---------------+-------------+-----
Ranged Weapons | 6 7 8 |  8.6
Fighting       | |  1.5
Dodging        | |  2.4
Stealth        | |  1.2

Action                     |  1- 3 |  4- 6 || total
---------------------------+-------+-------++-------
   Fire: Shortbow          |   120 |    70 ||   190
    Use: Scroll            |     2 |     3 ||     5
         Potion            |       |     2 ||     2
 Armour: Leather armour    |    18 |       ||    18
         Ring mail         |     6 |    17 ||    23
  Dodge: Dodged            |    28 |     3 ||    31

Table legend:
 A = Non-vault XP
 B = Vault XP
 C = Vault XP percentage of total XP
 D = Non-vault monster count
 E = Vault monster count
 F = Vault count percentage of total count
                 A         B        C        D         E       F
            +---------+---------+-------+---------+---------+-------
      Total |     222 |       2 |   0.9 |      75 |       1 |   1.3
            +---------+---------+-------+---------+---------+-------
        D:1 |      75 |       2 |   2.6 |      39 |       1 |   2.5
        D:2 |      89 |       0 |   0.0 |      22 |       0 |   0.0
        D:3 |      58 |       0 |   0.0 |      14 |       0 |   0.0
            +---------+---------+-------+---------+---------+-------
